AoeStats
← Amor Fati

Nomad

506098099Analyzed
2v2 RM · 20d ago on Sep 12, 2026· 50m 21s· 4 players
Game mode
Random Map
Map size
176×176
Population
200
Speed
Normal
Resources
Standard
Victory
Conquest
Starting age
Dark Age
Ending age
Imperial Age
RankedLock teamsTeams togetherTeam positionsShared explorationLock speedFull tech treeHidden civsTurbo modeCheats
Victory
Defeat
🇩🇰 Berbers · Denmark
1228
+14
🇳🇱 Mongols · Netherlands
1174
+16
🇳🇱 Georgians · Netherlands
1201
-15
🇳🇱 Persians · Netherlands
1174
-15
Slowcookerfastshooter
9:17 Loom
14:33 Feudal Age
15:03 Double-Bit Axe
20:22 Castle Age
19:01 Stone Mining
21:31 Bow Saw
22:25 Gold Mining
28:19 Forging
33:16 Scale Barding Armor
33:36 Town Watch
35:08 Stone Shaft Mining
34:16 Horse Collar
35:16 Wheelbarrow
35:49 Heavy Plow
39:47 Imperial Age
38:57 Chain Barding Armor
41:06 Plate Barding Armor
41:11 Elite Skirmisher
41:44 Fletching
41:22 Elite Monaspa
42:45 Ballistics
43:15 Bloodlines
43:06 Husbandry
43:36 Hand Cart
44:33 Cavalier
47:18 Bodkin Arrow
48:11 Padded Archer Armor
Amor Fati
5:41 Loom
13:29 Feudal Age
14:05 Double-Bit Axe
14:06 Fishing Lines
20:26 Castle Age
19:09 Scale Barding Armor
19:26 Stone Mining
19:30 Gold Mining
20:05 Stone Mining
20:07 Horse Collar
21:18 Bloodlines
21:46 Bow Saw
21:30 Gillnets
22:22 Medium Warships
23:19 Chain Barding Armor
23:54 Gold Shaft Mining
27:56 Forging
29:01 Fletching
28:50 Pikeman
31:59 Stone Shaft Mining
32:15 Heavy Plow
33:22 Wheelbarrow
35:31 Imperial Age
33:19 Bodkin Arrow
33:30 Husbandry
35:20 Iron Casting
35:16 Squires
37:14 Cavalier
38:16 Hand Cart
38:58 Ballistics
39:38 Chemistry
40:51 Blast Furnace
41:14 Plate Barding Armor
40:44 Murder Holes
42:10 Halberdier
45:09 Kamandaran
45:12 Padded Archer Armor
45:35 Masonry
45:15 Savar
45:28 Crossbowman
47:07 Leather Archer Armor
49:22 Thumb Ring
CL0UD
4:42 Loom
16:03 Feudal Age
16:45 Double-Bit Axe
20:21 Castle Age
18:46 Stone Mining
19:14 Gold Mining
24:01 Gold Shaft Mining
25:11 Medium Warships
25:54 Wheelbarrow
26:04 Town Watch
28:04 Hand Cart
29:01 Fletching
29:19 Fishing Lines
31:38 Stone Shaft Mining
31:53 Gillnets
35:00 Imperial Age
32:16 Horse Collar
33:08 Heavy Plow
33:24 Bow Saw
35:14 Padded Archer Armor
35:09 Bodkin Arrow
36:07 Conscription
36:40 Ballistics
37:20 Chemistry
36:04 Treadmill Crane
36:38 Bracer
36:53 Leather Archer Armor
37:12 Elite Camel Archer
38:34 Town Patrol
39:59 Capped Ram
45:31 Siege Engineers
45:49 Maghrebi Camels
46:57 Scale Barding Armor
47:02 Forging
47:23 Ring Archer Armor
46:58 Onager
47:58 Husbandry
48:09 Bloodlines
47:19 Heavy Camel Rider
50:42 Chain Barding Armor
50:58 Iron Casting
Mahowla
13:29 Feudal Age
20:53 Castle Age
22:39 Double-Bit Axe
23:21 Fishing Lines
26:28 Husbandry
26:39 Bloodlines
28:28 Bow Saw
30:39 Gold Mining
33:06 Fletching
33:21 Scale Barding Armor
33:27 Forging
32:42 Light Cavalry
34:03 Ballistics
34:59 Horse Collar
37:30 Iron Casting
36:51 Bodkin Arrow
37:16 Chain Barding Armor
39:37 Imperial Age
39:47 Capped Ram
40:34 Bracer
40:35 Stone Mining
40:15 Hussar
42:31 Conscription
43:24 Blast Furnace
42:22 Herbal Medicine
43:13 Siege Ram
44:42 Drill
44:44 Padded Archer Armor
49:05 Elite Mangudai
50:22 Caravan
Connection lost

Rejoining the realm…

Still unreachable

The connection could not be restored.

Session expired

The server has moved on; the page needs a fresh start.